 Dungeon Crawl Stone Soup version 0.30.0-5-g1a98f26d00 (webtiles) character file.

Game seed: 5136140212950611700

16 Darkkill the Shooter (level 2, -1/25 HPs)
             Began as a Minotaur Hunter on May 10, 2023.
             Killed by divine providence
             ... invoked by an orc priest
              (9 damage)
             ... on level 2 of the Dungeon.
             The game lasted 00:01:08 (630 turns).

Darkkill the Shooter (Minotaur Hunter)               Turns: 630, Time: 00:01:09

Health: -1/25      AC:  3    Str: 15    XL:     2   Next: 37%
Magic:  1/1        EV: 12    Int:  6    God:
Gold:   27         SH:  0    Dex: 13    Spells: 1/1 levels left

rFire   . . .        a - +0 shortbow
rCold   . . .        (shield currently unavailable)
rNeg    . . .        c - +0 leather armour
rPois   .            (helmet restricted)
rElec   .            (no cloak)
rCorr   .            (no gloves)
SInv    .            (no boots)
Will    .....        (no amulet)
Stlth   +            (no ring)
HPRegen 0.24/turn    (no ring)
MPRegen 0.07/turn

%: no passive effects
@: no status effects
A: horns 2, retaliatory headbutt
a: no special abilities


You were on level 2 of the Dungeon.
You visited 1 branch of the dungeon, and saw 2 of its levels.

You collected 27 gold pieces.

Inventory:

Hand Weapons
 a - a +0 shortbow (weapon)
Missiles
 d - 10 stones
Armour
 c - a +0 leather armour (worn)
Jewellery
 k - a ring of flight
Scrolls
 b - a scroll of immolation
 g - 3 scrolls of identify {@r1}
 h - a scroll of amnesia
Potions
 e - a potion of cancellation
 f - a potion of ambrosia {unknown}
 i - a potion of heal wounds {unknown}
 l - a potion of mutation {unknown}


   Skills:
 + Level 2.8 Fighting
 + Level 4.6 Ranged Weapons
 + Level 2.5 Dodging
 + Level 1.2 Stealth


You had one spell level left.
You didn't know any spells.
Your spell library was empty.

Dungeon Overview and Level Annotations

Branches:
Dungeon (2/15)

Altars:


Innate Abilities, Weirdness & Mutations

You have a pair of horns on your head.
You reflexively headbutt those who attack you in melee.


Message History

You drop a potion of degeneration.
There is a stone staircase leading down here.
You climb downwards.
Found a stone staircase leading down.
There is a stone staircase leading up here.
You shoot an arrow.
The arrow hits the dart slug but does no damage.
The dart slug launches a dart at you. The slug dart misses you.
You shoot an arrow. The arrow hits the dart slug.
The dart slug is moderately wounded.
A dart slug is nearby!
A dart slug is nearby!
You shoot an arrow. The arrow hits the dart slug.
The dart slug is severely wounded.
A dart slug is nearby!
You shoot an arrow. The arrow hits the dart slug.
The dart slug is almost dead.
The dart slug barely misses you. You furiously retaliate!
You headbutt the dart slug!
You kill the dart slug!
g - 3 scrolls of identify {@r1} No target in view!
A giant cockroach comes into view.
A giant cockroach is nearby!
You shoot an arrow. The arrow hits the giant cockroach.
You kill the giant cockroach!
An orc priest comes into view. It is wielding a +0 short sword.
There's something in the way.
There's something in the way.
An orc priest is nearby!
There's something in the way.
An orc priest is nearby!
An orc priest is nearby!
There's something in the way.
There's something in the way.
An orc priest is nearby!
An orc comes into view. It is wielding a +0 dagger.
An orc comes into view. It is wielding a +0 dagger.
The orc shouts!
An orc priest comes into view. It is wielding a +0 falchion.
An orc comes into view. It is wielding a +0 trident.
The orc shouts!
The orc priest shouts!
The orc shouts!
No target in view!
A rat comes into view.
You shoot an arrow. The arrow hits the rat.
You kill the rat!
You shoot an arrow. The arrow hits the orc.
The orc is lightly wounded.
You shoot an arrow. The arrow hits the orc.
The orc is moderately wounded.
There are monsters nearby!
You shoot an arrow. The arrow closely misses the orc.
You shoot an arrow. The arrow hits the orc.
The orc is moderately wounded.
The orc barely misses you. The orc hits you with a +0 dagger.
The orc closely misses you.
The orc priest calls upon Beogh to heal the orc.
The orc's wounds heal themselves!
The orc hits you with a +0 dagger.
The orc hits you from afar with a +0 trident.
You shoot an arrow. The arrow hits the orc priest.
The orc priest is lightly wounded.
The orc closely misses you.
The orc grunts to no one in particular.
The orc closely misses you. The orc hits you with a +0 dagger.
The orc closely misses you.
The orc priest looks satisfied for a moment.
You shoot an arrow. The arrow hits the orc.
The orc is lightly wounded.
The orc barely misses you. x2
The orc priest hits you with a +0 falchion.
The orc attacks as you move away! The orc misses you.
The orc priest misses you. The orc closely misses you.
You shoot an arrow. The arrow barely misses the orc priest.
The orc misses you.
The orc priest begins to cast a cantrip, but forgets the words!
The orc priest barely misses you. The orc barely misses you.
You shoot an arrow.
The arrow closely misses the orc priest.
The orc hits you with a +0 dagger.
The orc priest calls upon Beogh to heal the orc.
The orc's wounds heal themselves!
The orc barely misses you.
The orc priest looks braver for a moment.
The orc hits you but does no damage. The orc hits you with a +0 dagger.
The orc priest looks braver for a moment.
You shoot an arrow.
The arrow closely misses the orc priest.
The orc hits you with a +0 dagger. The orc closely misses you.
You furiously retaliate!
You headbutt the orc!
You kill the orc!
The orc priest hits you with a +0 falchion.
The orc barely misses you.
You shoot an arrow. The arrow hits the orc priest!
The orc priest is heavily wounded.
The orc hits you with a +0 dagger. The orc completely misses you.
The orc priest misses you.
You shoot an arrow. The arrow barely misses the orc priest.
The orc hits you but does no damage. The orc misses you.
The orc priest mumbles some strange prayers to Beogh against you.
Beogh smites you!
You die...

#### ... ... #.# #.####
####....####.
#............
#..#####.#..o....#
#...†...#.o@....#
#.#####.#.)oo...#
#.#.......# #.#.......#
#.#.......# # #.#.......#
.# ## #.##.....## ... .#
#.###$⌠.## ...#
.###########..#######.....


You could see 2 orc priests and 2 orcs.

Vanquished Creatures
  2 dart slugs
  An orc (D:2)
  3 giant cockroaches
  A hobgoblin (D:1)
  A ball python (D:1)
  A frilled lizard (D:1)
  2 rats
11 creatures vanquished.

Notes
Turn   | Place    | Note
-------+----------+-------------------------------------------
     0 | D:1      | Darkkill the Minotaur Hunter began the quest for the Orb.
     0 | D:1      | Reached XP level 1. HP: 18/18 MP: 0/0
   141 | D:1      | Reached skill level 1 in Stealth
   219 | D:1      | Reached XP level 2. HP: 25/25 MP: 1/1
   630 | D:2      | Killed from afar by an orc priest

Illustrated notes

Levels and vault maps discovered:
D:1:      lemuel_arrival_cross, layout_loops_ring, minmay_misc_feat_alley
D:2:      cheibrodos_pilgrimage, layout_rooms, basic_altar, grunt_ministairs_7

Skill      XL: |  1 |
---------------+----+-----
Stealth        | 1 |  1.2
Fighting       | |  2.8
Ranged Weapons | |  4.6
Dodging        | |  2.5

Action                     || total
---------------------------++-------
   Fire: Shortbow          ||    29
    Use: Scroll            ||     3
 Armour: Leather armour    ||     2
  Dodge: Dodged            ||    21

Levels and vault maps discovered:
D:1:      lemuel_arrival_cross, layout_loops_ring, minmay_misc_feat_alley
D:2:      cheibrodos_pilgrimage, layout_rooms, basic_altar, grunt_ministairs_7

Table legend: (Time is in decaauts)
 A = Elapsed time spent in this place.
 B = Non-inter-level travel time spent in this place.
 C = Inter-level travel time spent in this place.
 D = Time resting spent in this place.
 E = Time spent auto-exploring this place.
 F = Levels seen in this place.
 G = Mean time per level.
                   A        B        C        D        E       F      G
               +--------+--------+--------+--------+--------+-----+--------+
         Total |    638 |    598 |     40 |      0 |    519 |   2 |  319.0 |
       Dungeon |    638 |    598 |     40 |      0 |    519 |   2 |  319.0 |
               +--------+--------+--------+--------+--------+-----+--------+

Top non-repeatable levels by time:
     D:1: 558 daAuts
     D:2: 79 daAuts

Table legend:
 A = Kills in this place as a percentage of kills in the entire game.
 B = Kills by you in this place as a percentage of kills by you in the entire game.
 C = Kills by friends in this place as a percentage of kills by friends in the entire game.
 D = Other kills in this place as a percentage of other kills in the entire game.
 E = Experience gained in this place as a percentage of experience gained in the entire game.
 F = Experience gained in this place divided by the number of levels of this place that you have seen.
                   A       B       C       D       E      F
               +-------+-------+-------+-------+-------+----------------------
         Total | 100.0 | 100.0 |   N/A |   N/A | 100.0 |  11.5
       Dungeon | 100.0 | 100.0 |   N/A |   N/A | 100.0 |  11.5
               +-------+-------+-------+-------+-------+----------------------
